 Dungeon Crawl Stone Soup version 0.29-a0-1043-g569b05d6ff (webtiles) character file.

Game seed: 7856141963256547244

5 wingedge the Trooper (level 1, -1/18 HPs)
             Began as a Mummy Berserker on Aug 15, 2022.
             Was a Follower of Trog.
             Slain by a jackal (3 damage)
             ... on level 1 of the Dungeon.
             The game lasted 00:02:30 (525 turns).

wingedge the Trooper (Mummy Berserker)               Turns: 525, Time: 00:02:31

Health: -1/18      AC:  2    Str: 20    XL:     1   Next: 66%
Magic:  1/1        EV: 12    Int:  6    God:    Trog [*.....]
Gold:   29         SH:  0    Dex: 11    Spells: 0/0 levels left

rFire   x . .      SeeInvis .   a - +0 hand axe
rCold   + . .      Faith    .   (no shield)
rNeg    + + +      Spirit   .   b - +0 animal skin
rPois   ∞          Reflect  .   (no helmet)
rElec   .          Harm     .   (no cloak)
rCorr   .          Rampage  .   (no gloves)
Will    .....                   (no boots)
Stlth   +.........              (no amulet)
HPRegen 0.06/turn               (no ring)
MPRegen 0.07/turn               (no ring)

@: about to teleport
A: cold resistance 1, negative energy resistance 3, torment resistance 2, heat
vulnerability 1, no potions
a: Renounce Religion


You were on level 1 of the Dungeon.
You worshipped Trog.
Trog was aware of your devotion.
You visited 1 branch of the dungeon, and saw 1 of its levels.

You collected 29 gold pieces.

Inventory:

Hand Weapons
 a - a +0 hand axe (weapon)
Armour
 b - a +0 animal skin (worn)
Scrolls
 c - a scroll of teleportation
 d - a scroll of fog {unknown}
 e - 2 scrolls of identify {unknown}
 f - a scroll of vulnerability {unknown}


   Skills:
 - Level 3.0 Fighting
 + Level 2.7 Axes
 - Level 1.5 Armour
 - Level 1.5 Dodging


You couldn't memorise any spells.
You didn't know any spells.
Your spell library was empty.

Dungeon Overview and Level Annotations

Branches:
Dungeon (1/15)

Altars:


Innate Abilities, Weirdness & Mutations

You are immune to poison.
Your flesh is cold resistant. (rC+)
You are immune to negative energy. (rN+++)
You are immune to unholy pain and torment.
You are vulnerable to heat. (rF-)
You do not drink.


Message History

You hit the jackal but do no damage.
The jackal is moderately wounded.
You hear a bark!
The jackal completely misses you.
You closely miss the jackal.
The jackal is moderately wounded.
The jackal bites you but does no damage.
The jackal closely misses you.
You closely miss the jackal.
The jackal is moderately wounded.
The jackal bites you. The jackal barely misses you.
You hit the jackal.
The jackal is heavily wounded.
The jackal closely misses you. The jackal attacks as you move away!
The jackal barely misses you. The jackal bites you.
There is an open door here.
You closely miss the jackal.
The jackal is heavily wounded.
You completely miss the jackal.
The jackal is heavily wounded.
You completely miss the jackal. The jackal closely misses you.
The jackal bites you but does no damage.
The jackal bites you. The jackal closely misses you.
You completely miss the jackal.
The jackal is heavily wounded.
You barely miss the jackal.
A jackal comes into view.
The jackal bites you but does no damage.
The jackal bites you.
The jackal moves out of view.
You closely miss the jackal.
The jackal is heavily wounded.
You hit the jackal. The jackal closely misses you. The jackal bites you.
* * * LOW HITPOINT WARNING * * *
The jackal closely misses you. The jackal bites you.
* * * LOW HITPOINT WARNING * * *
As you read the scroll labelled QUUPTA KICEHE, it crumbles to dust.
You feel strangely unstable.
It was a scroll of teleportation.
The jackal bites you.
You die...

#########.######
#...............
#.#######.###### #.#
#.# ########.#### #.#
.....>....(.# #.#
########.##.# #.#
#.h..hh#.##.# #.#
#.####@#.##.#
#)######
#...>..##.####.#.....
#..............#.#.##
#......#####...#.#.#~
#..............#.#.#~
####'########..#.#.#~
#...........#.#.#~
#...........#.#.#♣
#...........#.#..~


You could see 3 jackals.

Vanquished Creatures
  A hobgoblin (D:1)
  2 ball pythons (D:1)
  A frilled lizard (D:1)
  2 goblins (D:1)
6 creatures vanquished.

Vanquished Creatures (others)
  5 toadstools (D:1)
5 creatures vanquished.

Grand Total: 11 creatures vanquished

Notes
Turn   | Place    | Note
-------+----------+-------------------------------------------
     0 | D:1      | wingedge the Mummy Berserker began the quest for the Orb.
     0 | D:1      | Reached XP level 1. HP: 18/18 MP: 1/1
   525 | D:1      | Slain by a jackal

Illustrated notes

Levels and vault maps discovered:
D:1:      ldierk_walled_garden, layout_basic

Action                   || total
-------------------------++-------
Melee: Hand axe          ||    25
       Punch             ||     1
  Use: Scroll            ||     1
Armor: Animal skin       ||     4
Dodge: Dodged            ||    20

Table legend: (Time is in decaauts)
 A = Elapsed time spent in this place.
 B = Non-inter-level travel time spent in this place.
 C = Inter-level travel time spent in this place.
 D = Time resting spent in this place.
 E = Time spent auto-exploring this place.
 F = Levels seen in this place.
 G = Mean time per level.
                   A        B        C        D        E       F      G
               +--------+--------+--------+--------+--------+-----+--------+
         Total |    529 |    529 |      0 |    172 |     52 |   1 |  529.0 |
       Dungeon |    529 |    529 |      0 |    172 |     52 |   1 |  529.0 |
               +--------+--------+--------+--------+--------+-----+--------+

Top non-repeatable levels by time:
     D:1: 529 daAuts
